 Dungeon Crawl Stone Soup version 0.24.0-125-gc4c63601f3 (webtiles) character file.

Game seed: 14423561655970716463, levelgen mode: deterministic

110466 Peloso the Peltast (level 16, -1/145 HPs)
             Began as a Minotaur Fighter on Mar 22, 2020.
             Was the Champion of Okawaru.
             Succumbed to a swamp dragon's blast of poison
             ... on level 1 of the Swamp.
             The game lasted 01:25:25 (26675 turns).

Peloso the Peltast (Minotaur Fighter)              Turns: 26675, Time: 01:25:26

Health: -1/145     AC: 32    Str: 36    XL:     16   Next: 7%
Magic:  17/17      EV:  9    Int:  9    God:    Okawaru [******]
Gold:   413        SH: 27    Dex: 17    Spells: 15/15 levels left

rFire    + . .     SeeInvis +   b - +10 long sword of Goasad {vamp, rElec rN+ MR++}
rCold    + . .     Gourm    .   c - +1 large shield {rF+}
rNeg     + + .     Faith    +   d - +8 crystal plate armour of Yskovu {Dex+2}
rPois    .         Spirit   .   v - +0 hat {SInv}
rElec    +         Reflect  .   (no cloak)
rCorr    +         Harm     .   (no gloves)
MR       +++..                  R - +0 pair of boots of the Eternal Fruit {rCorr Str+3}
Stlth    ..........             h - amulet of Rooffy {Faith rC+ Slay+3}
HPRegen  0.34/turn              B - ring of Heresy {rN+ Str+3 Dex+3}
MPRegen  0.15/turn              C - ring "Toxyl" {Str+4 SInv}

@: lethally poisoned (-1 -> -98), very slightly contaminated
A: retaliatory headbutt, claws 1, horns 2, clever 2
a: Heroism, Finesse, Renounce Religion


You were on level 1 of the Swamp.
You worshipped Okawaru.
Okawaru was exalted by your worship.
You were not hungry.

You visited 5 branches of the dungeon, and saw 24 of its levels.
You also visited: Sewer, Ossuary, Gauntlet and Volcano.

You collected 2796 gold pieces.
You spent 2383 gold pieces at shops.

Inventory:

Hand Weapons
 a - a +4 double sword of flaming
 b - the +10 long sword of Goasad (weapon) {vamp, rElec rN+ MR++}
   (Okawaru gifted it to you on level 2 of the Orcish Mines)

   It inflicts no extra harm, but heals its wielder when it wounds a living foe.
   It insulates you from electricity.
   It protects you from negative energy.
   It affects your resistance to hostile enchantments.
Armour
 c - a +1 large shield of fire resistance (worn)
 d - the +8 crystal plate armour of Yskovu (worn) {Dex+2}
   (Okawaru gifted it to you on level 11 of the Dungeon)

   It affects your dexterity (+2).
 v - a +0 hat of see invisible (worn)
 R - the +0 pair of boots of the Eternal Fruit (worn) {rCorr Str+3}
   (You bought it in a shop on level 13 of the Dungeon)

   It affects your strength (+3).
   It provides partial protection from all sources of acid and corrosion.
Jewellery
 e - an uncursed ring of protection from magic
 h - the amulet of Rooffy (around neck) {Faith rC+ Slay+3}
   (You bought it in a shop on level 2 of the Orcish Mines)

   [amulet of faith]

   It allows you to gain divine favour quickly.
   It affects your accuracy and damage with ranged weapons and melee attacks
   (+3).
   It protects you from cold.
 o - a +3 amulet of reflection
 x - an uncursed ring of flight
 y - an uncursed ring of protection from magic
 B - the ring of Heresy (left claw) {rN+ Str+3 Dex+3}
   (You found it in a Gauntlet)

   [ring of positive energy]

   It affects your strength (+3).
   It affects your dexterity (+3).
   It protects you from negative energy.
 C - the ring "Toxyl" (right claw) {Str+4 SInv}
   (You found it in a Gauntlet)

   [ring of see invisible]

   It affects your strength (+4).
   It lets you see invisible.
 L - an uncursed ring of poison resistance
Wands
 Q - a wand of digging (1)
Scrolls
 l - 5 scrolls of magic mapping
 q - a scroll of identify
 u - 2 scrolls of blinking
 w - 7 scrolls of teleportation
 K - 6 scrolls of remove curse
Potions
 g - 7 potions of heal wounds
 i - 2 potions of flight
 k - 12 potions of curing
 m - 5 potions of agility
 n - 5 potions of haste
 p - 2 potions of berserk rage
 r - 5 potions of invisibility
 A - a potion of resistance
Comestibles
 f - 27 rations


   Skills:
 + Level 13.7 Fighting
 + Level 16.6 Long Blades
 + Level 13.6 Armour
 + Level 4.0 Dodging
 + Level 3.3 Stealth
 + Level 20.6 Shields
 + Level 3.3 Invocations
 + Level 1.6 Evocations


You had 15 spell levels left.
You didn't know any spells.
Your spell library contained the following spells:

 Spells                   Type           Power        Failure   Level  Hunger
 Animate Skeleton         Necr           N/A          100%        1    ##.....
 Apportation              Tloc           #.....       100%        1    ##.....
 Confusing Touch          Hex            #.....       100%        1    ##.....
 Flame Tongue             Conj/Fire      #....        100%        1    ##.....
 Infusion                 Chrm           #...         100%        1    ##.....
 Pain                     Necr           #...         100%        1    ##.....
 Summon Small Mammal      Summ           #...         100%        1    ##.....
 Blink                    Tloc           N/A          100%        2    ###....
 Call Imp                 Summ           #.......     100%        2    ###....
 Shroud of Golubria       Chrm/Tloc      #.....       100%        2    ###....
 Song of Slaying          Chrm           #.......     100%        2    ###....
 Throw Flame              Conj/Fire      #.....       100%        2    ###....
 Call Canine Familiar     Summ           #.......     100%        3    ####...
 Conjure Flame            Conj/Fire      #.......     100%        3    ####...
 Gell's Gravitas          Tloc           #.........   100%        3    ####...
 Ignite Poison            Fire/Tmut/Pois #.......     100%        3    ####...
 Inner Flame              Hex/Fire       #.......     100%        3    ####...
 Lesser Beckoning         Tloc           #.........   100%        3    ####...
 Ozocubu's Armour         Chrm/Ice       #.......     100%        3    ####...
 Regeneration             Chrm/Necr      #.........   100%        3    ####...
 Spectral Weapon          Hex/Chrm       #.......     100%        3    ####...
 Summon Guardian Golem    Hex/Summ       #.......     100%        3    ####...
 Teleport Other           Tloc           #.......     100%        3    ####...
 Vampiric Draining        Necr           #.........   100%        3    ####...
 Animate Dead             Necr           N/A          100%        4    #####..
 Passage of Golubria      Tloc           N/A          100%        4    #####..
 Sticky Flame             Conj/Fire      #.......     100%        4    #####..
 Summon Ice Beast         Ice/Summ       #.......     100%        4    #####..
 Summon Lightning Spire   Summ/Air       #.......     100%        4    #####..
 Bolt of Magma            Conj/Fire/Erth #.........   100%        5    ######.
 Excruciating Wounds      Chrm/Necr      #.........   100%        5    ######.
 Fireball                 Conj/Fire      #.........   100%        5    ######.
 Iskenderun's Battlesphe  Conj/Chrm      #.......     100%        5    ######.
 Venom Bolt               Conj/Pois      #.........   100%        5    ######.
 Bolt of Fire             Conj/Fire      #.........   100%        6    #######
 Iron Shot                Conj/Erth      #.........   100%        6    #######
 Orb of Destruction       Conj           #.........   100%        7    #######
 Ring of Flames           Chrm/Fire      #.........   100%        7    #######
 Spellforged Servitor     Conj/Summ      #.........   100%        7    #######
 Ignition                 Fire           #.........   100%        8    #######


Dungeon Overview and Level Annotations

Branches:
Dungeon (15/15)            Temple (1/1) D:6            Lair (4/6) D:9
  Swamp (2/4) Lair:2        Snake (0/4) Lair:4          Orc (2/2) D:12
    Elf (0/3) Orc:2        Vaults (0/5) D:13         Depths (0/5) D:15
  Sewer (visited)         Ossuary (visited)         Volcano (visited)
Gauntlet (visited)

Altars:
Ashenzari
Cheibriados
Dithmenos
Gozag
Hepliaklqana
Kikubaaqudgha
Makhleb
Nemelex Xobeh
Okawaru
Qazlal
Ru
Sif Muna
Trog
Vehumet
Wu Jian
Xom
Yredelemnul
Beogh

Shops:
D:6 :   D:11 :   D:12 ?(%!?   D:13 [   D:15 }   Orc:2 %=[[

Annotations:
Lair:4 1 runed translucent door, Fiha's ghost, journeyman VSTm
Orc:2 1 runed translucent door, Akano's ghost, journeyman DDFi


Innate Abilities, Weirdness & Mutations

You reflexively headbutt those who attack you in melee.
You have a pair of horns on your head.
You have sharp fingernails.
Your mind is very acute. (Int +4)


Message History

The tentacled monstrosity constricts you.
You hear an angry buzzing noise.
Okay, then.
Blink to where?
Press: ? - help, Dir - move target cursor You escape the tentacled monstrosity's grasp.
You are very lightly contaminated with residual magic.
As you read the scroll of blinking, it crumbles to dust.
* * * LOW HITPOINT WARNING * * *
You feel extremely sick.
Found a ring mail.
* * * LOW HITPOINT WARNING * * *
You feel extremely sick.
There is a stone staircase leading up here.
* * * LOW HITPOINT WARNING * * *
You feel extremely sick. You block the swamp dragon's attack.
The swamp dragon barely misses you. You block the swamp dragon's attack.
You climb upwards.
You die...

♣♣.♣..♣♣ ♣≈≈≈..≈♣♣♣
♣♣.....≈.♣♣♣
♣♣♣≈(...≈.♣♣
♣♣≈≈≈≈.≈.≈.♣ ♣♣♣
♣≈≈≈≈≈..♣.♣♣♣ ♣.♣♣
♣♣≈≈≈≈≈♣.≈♣♣.♣♣
♣♣.♣♣♣♣♣♣≈≈≈≈≈≈≈≈≈♣.≈≈♣
♣≈≈..@..≈≈≈≈≈≈♣.≈..≈♣♣
♣♣.≈D≈≈≈≈≈≈≈≈≈.♣≈.≈≈♣
♣....≈≈(..♣♣≈≈....≈≈♣♣
♣.≈♣♣♣♣♣♣♣...≈≈≈≈..!≈♣
♣.♣♣ ♣♣♣♣.....≈... ♣♣.♣
♣♣♣..≈..≈≈ ♣♣≈♣♣
♣♣.≈.≈≈≈ ♣.≈≈♣ ♣♣...≈≈
♣♣.♣♣ ♣♣♣..≈


You could see a swamp dragon.

Vanquished Creatures
  A thorn hunter (Swamp:1)
  An orc warlord (Orc:2)
  A minotaur (Gauntlet)
  A red draconian (Volcano)
  A dire elephant (D:15)
  2 rakshasas
  A ghost crab (Swamp:1)
  10 hydras
  4 centaur warriors
  Harold (Lair:2)
  A death knight (D:14)
  2 alligators (Swamp:1)
  3 death scarabs (Gauntlet)
  6 ogre magi
  17 two-headed ogres
  An orc high priest (Orc:2)
  Urug (Orc:2)
  A vampire mage (D:15)
  A spriggan (Swamp:1)
  Nergalle (Lair:4)
  2 deep trolls (Orc:2)
  7 skeletal warriors (D:15)
  3 wizards
  An unseen horror (D:10)
  A swamp dragon (Swamp:2)
  A lindwurm (Lair:3)
  A phantasmal warrior (D:15)
  4 orc knights
  2 oklob plants (Lair:1)
  5 deep elf magi
  5 orc sorcerers
  A salamander (D:15)
  4 ugly things (D:15)
  A wolf spider (D:15)
  5 cyclopes
  A manticore (D:11)
  A moth of wrath (Gauntlet)
  6 elephants (Lair:3)
  A guardian serpent (Lair:4)
  A black mamba (Lair:4)
  3 molten gargoyles
  A gargoyle (D:12)
  A rime drake (Lair:1)
  4 spiny frogs
  3 yaktaurs (Volcano)
  2 freezing wraiths
  5 komodo dragons
  14 trolls
  3 meliai (D:13)
  2 hornets (Swamp:1)
  3 tyrant leeches (Swamp:1)
  2 bog bodies (Swamp:1)
  4 hippogriffs
  15 slime creatures
  A centaur simulacrum (D:15)
  Eustachio (D:5)
  A wraith (D:14)
  4 wyverns
  2 vampires
  8 fire bats (Volcano)
  2 spectral komodo dragons (Gauntlet)
  49 yaks
  A steam dragon (D:14)
  A basilisk (Lair:2)
  2 hungry ghosts
  9 vampire mosquitoes (Swamp:1)
  3 acid dragons
  6 wargs
  6 insubstantial wisps (Lair:2)
  3 swamp worms (Swamp:1)
  7 water moccasins
  4 porcupines
  A spectral torpor snail (Gauntlet)
  4 swamp drakes (Swamp:1)
  31 orc warriors
  2 black bears
  5 ice beasts
  A phantom (D:8)
  4 sky beasts
  32 ogres
  14 wolves
  4 centaurs
  8 crocodiles
  3 big kobolds
  20 bullfrogs
  2 gnoll sergeants
  7 scorpions
  3 water moccasin skeletons
  A wyvern skeleton (D:14)
  10 killer bees
  4 electric eels (Lair:2)
  A vampire bat (Orc:2)
  9 wights
  4 howler monkeys
  4 crimson imps
  7 lava snakes
  3 bullfrog zombies
  6 centaur zombies
  4 jellies
  4 bullfrog skeletons
  22 orc priests
  3 hounds
  32 orc wizards
  3 iguanas
  5 centaur skeletons
  Natasha (thrice) (D:4)
  10 worker ants
  3 hound skeletons
  2 hound zombies
  8 mummies (Ossuary)
  A worker ant zombie (D:11)
  Robin (D:3)
  A howler monkey zombie (D:7)
  13 gnolls
  9 adders
  2 river rats
  9 shadow imps
  2 adder zombies (D:7)
  3 adder skeletons
  A worm (D:4)
  A dart slug (D:1)
  6 leopard geckos
  107 orcs
  4 ball pythons
  13 bats
  7 giant cockroaches
  9 goblins
  11 hobgoblins
  11 jackals
  23 kobolds
  7 quokkas
  3 frilled lizards
  A gnoll zombie (Ossuary)
  2 hobgoblin zombies (Ossuary)
  4 kobold zombies (Ossuary)
  A leopard gecko skeleton (D:4)
  A leopard gecko zombie (D:8)
  An orc zombie (Ossuary)
  11 rats
  A briar patch (Swamp:1)
  A plant (Lair:1)
838 creatures vanquished.

Vanquished Creatures (collateral kills)
  A crimson imp (D:7)
  2 jackals (D:7)
3 creatures vanquished.

Vanquished Creatures (others)
  2 centaur warriors
  A cyclops (Orc:2)
  A yaktaur (Volcano)
  4 centaurs
  A wolf (Lair:2)
  8 fungi
  27 plants
44 creatures vanquished.

Grand Total: 885 creatures vanquished

Notes
Turn   | Place    | Note
-------+----------+-------------------------------------------
     0 | D:1      | Peloso the Minotaur Fighter began the quest for the Orb.
     0 | D:1      | Reached XP level 1. HP: 19/19 MP: 0/0
   126 | D:1      | Reached XP level 2. HP: 26/27 MP: 1/1
   213 | D:1      | Reached skill level 4 in Shields
   497 | D:1      | Reached XP level 3. HP: 33/33 MP: 2/2
   740 | D:2      | Found a stormy altar of Qazlal.
   745 | D:2      | Found a shadowy altar of Dithmenos.
   749 | D:2      | Found a shimmering blue altar of Sif Muna.
   797 | D:2      | Reached XP level 4. HP: 37/40 MP: 3/3
  1024 | D:2      | Found a burning altar of Makhleb.
  1028 | D:2      | Reached skill level 5 in Shields
  1028 | D:2      | Reached XP level 5. HP: 47/47 MP: 4/4
  1305 | D:3      | Noticed Robin
  1316 | D:3      | Killed Robin
  1756 | D:4      | Noticed an ogre
  1769 | D:4      | Killed an ogre
  1769 | D:4      | Reached XP level 6. HP: 5/53 MP: 5/5
  1990 | D:4      | Noticed Natasha
  1999 | D:4      | Killed Natasha
  1999 | D:4      | Reached skill level 1 in Stealth
  2042 | D:4      | Reached skill level 5 in Long Blades
  2049 | D:4      | Reached skill level 5 in Armour
  2078 | D:4      | Reached XP level 7. HP: 46/60 MP: 6/6
  2087 | D:4      | Reached skill level 6 in Shields
  2245 | D:4      | Noticed Natasha
  2252 | D:4      | Killed Natasha
  2385 | D:4      | Reached skill level 1 in Dodging
  2512 | D:4      | Noticed Natasha
  2518 | D:4      | Killed Natasha
  2573 | D:4      | Gained mutation: Your mind is acute. (Int +2) [potion of
                  | mutation]
  2573 | D:4      | Gained mutation: Your mind is very acute. (Int +4) [potion
                  | of mutation]
  2573 | D:4      | Gained mutation: You have sharp fingernails. [potion of
                  | mutation]
  2675 | D:5      | Entered Level 5 of the Dungeon
  2687 | D:5      | Reached skill level 5 in Fighting
  2811 | D:5      | Noticed Eustachio
  2865 | D:5      | Killed Eustachio
  2865 | D:5      | Reached XP level 8. HP: 45/70 MP: 7/7
  2992 | D:5      | Found a shattered altar of Ashenzari.
  3316 | D:5      | Reached skill level 7 in Shields
  4437 | D:6      | Found a glowing drain.
  4462 | Sewer    | Entered a sewer
  4564 | Sewer    | Found a white marble altar of Elyvilon.
  4613 | D:6      | Found a staircase to the Ecumenical Temple.
  4695 | D:6      | Found Usudwaig's Book Shoppe.
  4755 | D:6      | Found a sand-covered staircase.
  4764 | Ossuary  | Entered an ossuary
  4814 | Ossuary  | Reached skill level 8 in Shields
  5729 | D:6      | Reached XP level 9. HP: 68/75 MP: 8/8
  5883 | D:6      | Reached skill level 9 in Shields
  5898 | D:6      | Found an ornate altar of the Wu Jian Council.
  6194 | D:6      | Found a sacrificial altar of Ru.
  6216 | Temple   | Entered the Ecumenical Temple
  6222 | Temple   | Became a worshipper of Warmaster Okawaru
  6612 | D:7      | Got a fine leather armour
  6981 | D:7      | Reached * piety under Okawaru
  6981 | D:7      | Reached skill level 10 in Long Blades
  7074 | D:8      | Noticed a two-headed ogre
  7084 | D:8      | Killed a two-headed ogre
  7084 | D:8      | Reached XP level 10. HP: 86/86 MP: 9/9
  7140 | D:8      | Reached ** piety under Okawaru
  7177 | D:8      | Noticed a two-headed ogre
  7194 | D:8      | Killed a two-headed ogre
  7194 | D:8      | Reached skill level 10 in Shields
  7477 | D:8      | Reached *** piety under Okawaru
  8430 | D:9      | Reached **** piety under Okawaru
  8455 | D:9      | Reached skill level 11 in Shields
  8541 | D:9      | Found a sparkling altar of Nemelex Xobeh.
  8576 | D:9      | Found a staircase to the Lair.
  8982 | D:9      | Reached XP level 11. HP: 93/94 MP: 10/10
  9164 | D:9      | Reached ***** piety under Okawaru
  9225 | D:9      | Found a bloodstained altar of Trog.
  9301 | D:10     | Entered Level 10 of the Dungeon
  9600 | D:10     | Killed an unseen horror
 10867 | D:11     | Found Pahew's Book Shop.
 11012 | D:11     | Reached skill level 12 in Shields
 11080 | D:11     | Found a shimmering blue altar of Sif Muna.
 11296 | D:11     | Noticed a two-headed ogre
 11302 | D:11     | Killed a two-headed ogre
 11470 | D:11     | Received a gift from Okawaru
 11473 | D:11     | Got a bloodstained crystal plate armour {god gift}
 11484 | D:11     | Identified the +8 crystal plate armour of Yskovu {Dex+2}
                  | (Okawaru gifted it to you on level 11 of the Dungeon)
 11539 | D:12     | Reached skill level 1 in Evocations
 11594 | D:12     | Found Waotwuaz's Distillery.
 11597 | D:12     | Bought a potion of haste for 160 gold pieces
 11597 | D:12     | Bought 2 potions of heal wounds for 160 gold pieces
 11597 | D:12     | Found Ysmuob's Food Shop.
 11604 | D:12     | Noticed an orc knight
 11604 | D:12     | Noticed a four-headed hydra
 11767 | D:12     | Found Giwuocad's Weapon Shoppe.
 11778 | D:12     | Found a staircase to the Orcish Mines.
 11868 | D:12     | Killed an orc knight
 12005 | D:11     | Reached XP level 12. HP: 92/104 MP: 11/11
 12072 | D:12     | Reached skill level 10 in Armour
 12204 | D:9      | Reached skill level 13 in Shields
 12326 | D:9      | Got a polished lajatang
 12327 | D:9      | Identified the +9 lajatang of Valour {freeze, +Fly Int+3}
                  | (You found it on level 9 of the Dungeon)
 12330 | D:9      | Identified the +1 leather armour "Boadwat" {rF+ MR+} (You
                  | found it on level 7 of the Dungeon)
 12433 | Lair:1   | Entered Level 1 of the Lair of Beasts
 12439 | Lair:1   | Got a warped mace
 12440 | Lair:1   | Identified the +8 mace of Leuruel {holy, MP+9 Stlth+} (You
                  | found it on level 1 of the Lair of Beasts)
 13823 | Lair:2   | Found a staircase to the Swamp.
 13911 | Lair:2   | Noticed Harold
 13915 | Lair:2   | Reached skill level 1 in Invocations
 13925 | Lair:2   | Killed Harold
 13936 | Lair:2   | Noticed an eight-headed hydra
 13942 | Lair:2   | Reached skill level 14 in Shields
 13949 | Lair:2   | Killed a 12-headed hydra
 14182 | Lair:2   | Noticed an eight-headed hydra
 14429 | D:12     | Killed a 20-headed hydra
 14627 | D:12     | Reached skill level 10 in Fighting
 14656 | D:12     | Reached ****** piety under Okawaru
 14698 | D:12     | Noticed an eight-headed hydra
 14723 | D:13     | Noticed a two-headed ogre
 14733 | D:13     | Killed a two-headed ogre
 14754 | D:13     | Noticed a two-headed ogre
 14763 | D:13     | Killed a two-headed ogre
 14763 | D:13     | Received a gift from Okawaru
 14829 | D:13     | Noticed a rakshasa
 14832 | D:13     | Noticed a seven-headed hydra
 14832 | D:13     | Noticed a seven-headed hydra
 14846 | D:13     | Killed a rakshasa
 14846 | D:13     | Reached XP level 13. HP: 114/114 MP: 11/13
 15348 | D:13     | Received a gift from Okawaru
 15348 | D:13     | Reached skill level 15 in Shields
 15383 | D:13     | Found a gate to the Vaults.
 15457 | D:13     | Found Quubiar's Armour Shoppe.
 15464 | D:13     | Bought the cursed +0 pair of boots of the Eternal Fruit
                  | {rCorr Str+3} for 285 gold pieces
 15927 | D:14     | Reached skill level 15 in Long Blades
 16622 | D:15     | Entered Level 15 of the Dungeon
 16743 | D:15     | Received a gift from Okawaru
 17071 | D:15     | Reached skill level 16 in Shields
 17864 | D:15     | Reached XP level 14. HP: 80/125 MP: 14/14
 18504 | D:15     | Paralysed by an ogre mage for 5 turns
 18608 | D:15     | Found the +12 glaive of Prune {chop}
 18739 | D:15     | Reached skill level 17 in Shields
 18925 | D:15     | Found Sudduwn's Gadget Shop.
 19167 | D:15     | Received a gift from Okawaru
 19284 | D:15     | Found a staircase to the Depths.
 19471 | D:12     | Found Tublifen's Magic Scroll Shop.
 19511 | D:12     | Bought 3 scrolls of holy word for 405 gold pieces
 19511 | D:12     | Bought a scroll of blinking for 135 gold pieces
 19633 | D:12     | Found Gexkampo's Magic Scroll Shoppe.
 19636 | D:12     | Bought a scroll of blinking for 97 gold pieces
 19636 | D:12     | Bought a scroll of magic mapping for 45 gold pieces
 19636 | D:12     | Bought a scroll of enchant weapon for 97 gold pieces
 19744 | Orc:1    | Entered Level 1 of the Orcish Mines
 19903 | Orc:1    | You fall into a shaft and drop 1 floor!
 19903 | Orc:2    | Entered Level 2 of the Orcish Mines
 19903 | Orc:2    | Found Ydusir's Jewellery Boutique.
 19903 | Orc:2    | Found Rirghe Kagge's Armour Shoppe.
 19903 | Orc:2    | Found Ameunai's Food Emporium.
 19903 | Orc:2    | Found Eticsyfa's Armour Shoppe.
 19960 | Orc:2    | Noticed an orc warlord
 19992 | Orc:2    | Killed an orc warlord
 20003 | Orc:2    | Reached skill level 18 in Shields
 20075 | Orc:2    | Paralysed by an orc sorcerer for 2 turns
 20142 | Orc:2    | Received a gift from Okawaru
 20191 | Orc:2    | Got a transparent long sword {god gift}
 20192 | Orc:2    | Identified the +10 long sword of Goasad {vamp, rElec rN+
                  | MR++} (Okawaru gifted it to you on level 2 of the Orcish
                  | Mines)
 20350 | Orc:2    | Found a roughly hewn altar of Beogh.
 20650 | Orc:2    | Reached XP level 15. HP: 134/134 MP: 16/16
 21059 | Orc:2    | Noticed Urug
 21070 | Orc:2    | Killed Urug
 21070 | Orc:2    | Received a gift from Okawaru
 21160 | Orc:2    | Found a staircase to the Elven Halls.
 21288 | Orc:2    | Found a runed translucent door.
 21293 | Orc:2    | Noticed Akano's ghost (journeyman DDFi)
 21509 | Orc:1    | Found a roughly hewn altar of Beogh.
 21556 | Orc:1    | Reached skill level 19 in Shields
 21978 | Lair:1   | Got a slimy broad axe
 22208 | Lair:1   | Identified the +6 broad axe "Yczasun" {holy, rN+ Str+3}
                  | (You found it on level 1 of the Lair of Beasts)
 22691 | Lair:3   | Found a dark tunnel.
 22701 | Volcano  | Entered a volcano
 22845 | Volcano  | Found a radiant altar of Vehumet.
 23780 | Lair:4   | Found a gate leading to a gauntlet.
 23789 | Gauntlet | Entered a Gauntlet
 23789 | Gauntlet | Found a transporter.
 23798 | Gauntlet | Found a transporter.
 23800 | Gauntlet | Found a transporter.
 23802 | Gauntlet | Found a transporter.
 23823 | Gauntlet | Found a transporter.
 23834 | Gauntlet | Found a transporter.
 23842 | Gauntlet | Found a transporter.
 23859 | Gauntlet | Found a transporter.
 23879 | Gauntlet | Found a transporter.
 23911 | Gauntlet | Found a transporter.
 23944 | Gauntlet | Found a transporter.
 23949 | Gauntlet | Found a transporter.
 23973 | Gauntlet | Found a transporter.
 23982 | Gauntlet | Found a transporter.
 23988 | Gauntlet | Found a transporter.
 23988 | Gauntlet | Found a transporter.
 24039 | Gauntlet | Found a transporter.
 24073 | Gauntlet | Found a transporter.
 24215 | Gauntlet | Got a heavily runed wooden ring
 24217 | Gauntlet | Identified the ring of Heresy {rN+ Str+3 Dex+3} (You found
                  | it in a Gauntlet)
 24487 | Gauntlet | Reached skill level 20 in Shields
 24492 | Gauntlet | Identified Zybb's Catalogue of Protection
 24524 | Gauntlet | Received a gift from Okawaru
 24528 | Gauntlet | Got a clouded marble ring
 24530 | Gauntlet | Identified the ring "Toxyl" {Str+4 SInv} (You found it in a
                  | Gauntlet)
 24695 | Lair:4   | Found a staircase to the Snake Pit.
 24696 | Lair:4   | Noticed Nergalle
 24708 | Lair:4   | Killed Nergalle
 24991 | Lair:4   | Found a runed translucent door.
 24992 | Lair:4   | Noticed Fiha's ghost (journeyman VSTm)
 24992 | Lair:4   | Identified the +1 spear of Ofog Uss {pierce, Int+4}
 24993 | Lair:4   | Identified the +10 quarterstaff of Poigru {venom, rF++
                  | Str+2}
 25569 | Orc:2    | Bought the amulet of Rooffy {Faith rC+ Slay+3} for 999 gold
                  | pieces
 25775 | Swamp:1  | Entered Level 1 of the Swamp
 26194 | Swamp:1  | Received a gift from Okawaru
 26194 | Swamp:1  | Reached XP level 16. HP: 145/145 MP: 17/17
 26308 | Swamp:1  | Noticed a thorn hunter
 26320 | Swamp:1  | Killed a thorn hunter
 26659 | Swamp:2  | Noticed a tentacled monstrosity
 26675 | Swamp:1  | Succumbed to a swamp dragon's blast of poison

Levels and vault maps discovered:
D:1:      evilmike_arrival_fibonacci_small, layout_loops_ring
D:2:      layout_rooms, minitemple, kennysheep_pointless_box,
          supply_closet_lemuel, makhleb_blood_cavern_becter
D:3:      layout_rooms, first_ration, uniq_robin
D:4:      layout_basic, chequers_arboretum, uniq_natasha
D:5:      layout_loops_ring, lemuel_doored_altar, lightli_minifort,
          uniq_eustachio
D:6:      layout_rooms, nicolae_ru_path_of_blood, lemuel_coloured_pillars_altar,
          minmay_temple_entry_junction_2, enter_ossuary_1, portal_sewer_entry_a,
          serial_shops, nicolae_shop_window_shopping
D:7:      layout_loops_ring, grunt_ogre_cave
D:8:      layout_rooms
D:9:      corexii_shack_village, layout_basic, kennysheep_mini,
          marbit_many_paths, lair_entry_dummy, evilmike_minifort
D:10:     layout_long_grid
D:11:     layout_roguey, serial_shops, nicolae_shop_trees, led_sif_book
D:12:     layout_roguey, orc_david_3, serial_shops, nicolae_shop_crystal,
          nicolae_shop_behind_doors, kennysheep_mini_moat, shop
D:13:     layout_basic, david_vaults_2, serial_shops, nicolae_shop_behind_doors
D:14:     layout_basic, palyth_stone_intersect
D:15:     hangedman_depths_entry_try_elsewhere_first, layout_rooms,
          serial_shops, nicolae_shop_stone, chequers_serial_rivers_micro_c,
          minmay_guarded_unrand_prune
Temple:   eino_narrow_crystal_temple
Lair:1:   wander_river, layout_cave_pods, infiniplex_staircase_pool_2,
          minmay_lair_oklob_chamber
Lair:2:   layout_roguey, minmay_swamp_entry_wisps, disabler_island, uniq_harold
Lair:3:   layout_gridlike, lightli_volcano_entry_magma_tube, nzn_random_ring
Lair:4:   layout_hall_layers, minmay_snake_entry_spellcaster,
          gauntlet_entry_generic, ebering_ghost_funeral_grove,
          chequers_serial_rivers_micro_e, grunt_megastairs_3, uniq_nergalle
Swamp:1:  layout_falls_marsh, evilmike_swamp_ruin_rubble_1,
          nicolae_swamp_fairy_circle, swamp_pool1
Swamp:2:  layout_falls_marsh, hangedman_swamp_ruin_wall, swamp_pool4,
          uniq_frances, uniq_donald
Orc:1:    layout_caves, basic_altar
Orc:2:    st_orc_open, layout_caves, ebering_ghost_reflecting_pool, basic_altar,
          roderic_batcave, uniq_urug

Skill      XL: |  1  2  3  4  5  6  7  8  9 10 11 12 13 14 15 |
---------------+----------------------------------------------+-----
Shields        | 4 5 6 8 9 11 12 14 16 18 20 | 20.6
Fighting       | 4 5 6 7 8 9 10 11 12 13 | 13.7
Armour         | 4 5 6 7 8 9 11 12 13 | 13.6
Long Blades    | 3 4 5 7 8 10 11 13 14 15 16 | 16.6
Stealth        | 1 3 |  3.3
Dodging        | 1 2 3 4 |  4.0
Evocations     | 1 |  1.6
Invocations    | 1 2 3 |  3.3

Action                   |  1- 3 |  4- 6 |  7- 9 | 10-12 | 13-15 | 16-18 || total
-------------------------+-------+-------+-------+-------+-------+-------++-------
Melee: Long sword        |    85 |   137 |   417 |  1120 |   655 |    38 ||  2452
       Headbutt          |    11 |    22 |    92 |   335 |   467 |    12 ||   939
       Falchion          |       |       |    62 |       |       |       ||    62
       Demon blade       |       |       |       |    21 |   778 |       ||   799
       Scimitar          |       |       |       |       |    12 |       ||    12
Invok: Heroism           |       |       |       |    15 |    18 |       ||    33
       Finesse           |       |       |       |     1 |     3 |       ||     4
Evoke: Wand              |       |       |     7 |    11 |     5 |       ||    23
  Use: Potion            |       |     1 |     8 |     5 |     2 |       ||    16
       Scroll            |       |       |    14 |    11 |    10 |     6 ||    41
 Stab: Paralysed         |       |       |     4 |     4 |       |       ||     8
  Eat: Chunk             |       |     4 |    10 |    19 |    27 |     2 ||    62
       Ration            |       |       |     2 |     2 |     3 |       ||     7
Armor: Chain mail        |    50 |    83 |   153 |    17 |       |       ||   303
       Plate armour      |       |       |       |   185 |       |       ||   185
       Crystal plate arm |       |       |       |   235 |   665 |    17 ||   917
Dodge: Dodged            |    22 |    26 |    77 |   190 |   231 |     6 ||   552
Block: Shield            |    52 |    85 |   318 |   890 |   227 |       ||  1572
       Reflection        |       |       |     5 |    36 |    73 |       ||   114
       Large shield      |       |       |       |       |  1635 |    47 ||  1682
       Rpst.: Long sword |     5 |     4 |    19 |    44 |    23 |     1 ||    96
       Falchion          |       |       |     3 |       |       |       ||     3
       Demon blade       |       |       |       |       |    16 |       ||    16
